 Dungeon Crawl Stone Soup version 0.29-a0-512-gf59ac788ac (webtiles) character file.

Game seed: 15615904527405951208

104561 NateTC the Slayer (level 16, -7/267 HPs)
             Began as a Hill Orc Fighter on May 30, 2022.
             Was a High Priest of Trog.
             Killed from afar by a salamander mystic (9 damage)
             ... with a bolt of magma
             ... on level 4 of the Snake Pit.
             The game lasted 01:25:20 (29647 turns).

NateTC the Slayer (Hill Orc Fighter)               Turns: 29647, Time: 01:25:21

Health: -7/267     AC: 21    Str: 33    XL:     16   Next: 39%
Magic:  16/16      EV:  9    Int:  8    God:    Trog [*****.]
Gold:   1535       SH: 11    Dex: 10    Spells: 15/15 levels left

rFire   + . .      SeeInvis .   H - +7 hand axe of the Wasteland {flame, *Slow rPois rF+ rC++}
rCold   + + .      Faith    .   w - +0 kite shield {reflect}
rNeg    + . .      Spirit   .   G - +3 swamp dragon scales of Beogh's Reproof {Rampage rPois}
rPois   +          Reflect  +   I - +2 hat {Will+}
rElec   .          Harm     .   d - +1 cloak
rCorr   .          Rampage  +   h - +0 pair of gloves
Will    ++++.                   m - +0 pair of boots
Stlth   ..........              (no amulet)
HPRegen 1.54/turn               F - ring of positive energy
MPRegen 0.15/turn               J - +6 ring of strength

@: berserking, strong-willed, regenerating, very quick
A: no striking features
a: Renounce Religion, Berserk, Trog's Hand, Brothers in Arms


You were on level 4 of the Snake Pit.
You worshipped Trog.
Trog was extremely pleased with you.
You visited 4 branches of the dungeon, and saw 22 of its levels.
You visited 1 bazaar.
You also visited: Ossuary.

You collected 1611 gold pieces.
You spent 76 gold pieces at shops.

Inventory:

Hand Weapons
 b - a +1 demon trident of draining
 q - a +5 battleaxe of venom
 H - the +7 hand axe of the Wasteland (weapon) {flame, *Slow rPois rF+ rC++}
   (Trog gifted it to you on level 6 of the Lair of Beasts)

   It burns those it strikes, dealing additional fire damage.
   Big, fiery blades are also staple armaments of hydra-hunters.
   rF:        It protects you from fire.
   rC:        It greatly protects you from cold.
   rPois:     It protects you from poison.
   *Slow:     It may slow you when you take damage.
Armour
 d - a +1 cloak (worn)
 h - a +0 pair of gloves (worn)
 m - a +0 pair of boots (worn)
 p - a +1 helmet
 w - a +0 kite shield of reflection (worn)
 E - a +0 plate armour
 G - the +3 swamp dragon scales of Beogh's Reproof (worn) {Rampage rPois}
   (You found it on level 5 of the Lair of Beasts)

   rPois:     It protects you from poison.
   Rampage:   It bestows one free step when moving towards enemies.
 I - a +2 hat of willpower (worn)
Jewellery
 F - a ring of positive energy (left hand)
 J - a +6 ring of strength (right hand)
 O - a ring of fire
Wands
 a - a wand of paralysis (3)
 x - a wand of polymorph (2)
 C - a wand of flame (13)
 L - a wand of iceblast (11)
 M - a wand of acid (2)
Scrolls
 c - a scroll of blinking
 k - a scroll of enchant weapon
 n - 10 scrolls of teleportation
 r - 3 scrolls of fear
 y - 2 scrolls of fog
 D - 2 scrolls of silence
Potions
 e - 5 potions of lignification
 f - 6 potions of brilliance
 g - 4 potions of magic
 i - a potion of ambrosia
 j - 3 potions of cancellation
 l - 15 potions of curing
 o - 2 potions of invisibility
 s - a potion of haste
 t - 6 potions of heal wounds
 u - 5 potions of flight
 v - 4 potions of berserk rage
 z - 5 potions of mutation
 A - 2 potions of attraction
 B - 2 potions of might
 K - 4 potions of resistance


   Skills:
 - Level 25.0 Fighting
 - Level 20.0 Axes
 - Level 11.4 Armour
 - Level 12.0 Shields
 * Level 4.9 Evocations


You had 15 spell levels left.
You didn't know any spells.
Your spell library contained the following spells:

 Spells                   Type           Power      Damage    Failure   Level
 Ignite Poison            Fire/Tmut/Pois 0%         N/A       98%         3
 Mephitic Cloud           Conj/Pois/Air  0%         N/A       98%         3
 Freezing Cloud           Conj/Ice/Air   0%         6-21      100%        5


Dungeon Overview and Level Annotations

Branches:
Dungeon (11/15)            Temple (1/1) D:5            Lair (6/6) D:9
 Shoals (0/4) Lair:4        Snake (4/4) Lair:4        Slime (0/5) Lair:5
    Orc (0/2) D:10        Ossuary (visited)

Altars:
Ashenzari
Cheibriados
Dithmenos
Elyvilon
Fedhas
Gozag
Hepliaklqana
Kikubaaqudgha
Makhleb
Nemelex Xobeh
Okawaru
Qazlal
Ru
Sif Muna
Trog
Uskayaw
Vehumet
Wu Jian
Xom
Yredelemnul
Zin
The Shining One
Lugonu

Shops:
D:3 =   D:8 ?:   D:10 :   Snake:2 =(

Portals:
Abyss: Lair:6

Annotations:
D:4 3 runed translucent doors, benadryl's ghost, amateur TrTm
Lair:1 exclusion: oklob plant


Message History

The salamander mystic casts a spell at the salamander.
The salamander seems to speed up.
The salamander hits you but does no damage.
You slash the salamander!
The salamander is almost dead.
You barely miss the salamander mystic.
You hit the salamander but do no damage.
You block the salamander's attack.
The salamander hits you with a +0 halberd.
* * * LOW HITPOINT WARNING * * *
You are engulfed in flames!
You resist.
* * * LOW HITPOINT WARNING * * *
The salamander mystic points at you and mumbles some strange words.
The bolt of magma hits you!! You partially resist.
* * * LOW HITPOINT WARNING * * *
The bolt of magma hits the salamander!
The salamander partially resists.
The salamander hits you but does no damage.
You block the salamander's attack. x2
The salamander mystic gestures at the salamander while chanting.
The salamander seems to speed up.
The salamander closely misses you.
You are too injured to fight recklessly!
Okay, then.
A red film seems to cover your vision as you go berserk!
You feel yourself moving faster!
You feel mighty!
The salamander hits you with a +0 halberd!
* * * LOW HITPOINT WARNING * * *
You are engulfed in flames.
You resist.
* * * LOW HITPOINT WARNING * * *
You block the salamander's attack.
The salamander hits you from afar with a +0 halberd.
* * * LOW HITPOINT WARNING * * *
You are engulfed in flames.
You resist.
* * * LOW HITPOINT WARNING * * *
The salamander hits you with a +0 halberd.
* * * LOW HITPOINT WARNING * * *
You are engulfed in flames.
You resist.
* * * LOW HITPOINT WARNING * * *
The salamander mystic gestures at you while chanting.
The bolt of magma hits you! You partially resist.
You die...

....... #.......#
####.......#
.#####..........#
................#
................#
........N.......#
.......@........#
.......NN.......#
.......N........#
......###.......#
.....# ##......#
....# #.....#
+#.. .....# ##
.....# .....#


You could see a salamander mystic and 3 salamanders.

Vanquished Creatures
  Gastronok (Lair:1)
  Aizul (Snake:2)
  A bunyip (shapeshifter) (Lair:6)
  Azrael (Snake:1)
  Erica (Lair:1)
  A hydra (Lair:5)
  8 anacondas
  A boulder beetle (D:10)
  6 naga warriors
  13 death yaks
  4 thrashing horrors (Lair:6)
  Urug (Lair:3)
  5 shock serpents
  9 naga sharpshooters
  3 sea snakes (Snake:1)
  4 naga ritualists
  Pikel (D:7)
  A lindwurm (Lair:4)
  5 mana vipers
  An ugly thing (Lair:6)
  A manticore (Lair:4)
  2 oklob plants (Lair:5)
  14 elephants
  4 salamanders
  34 black mambas
  16 naga magi
  15 cane toads
  2 guardian serpents
  A smoke demon (Lair:6)
  A torpor snail (Lair:6)
  A kobold demonologist (D:10)
  An unseen horror (D:10)
  A demonic crawler (Lair:5)
  4 rime drakes
  4 komodo dragons
  2 trolls
  3 ancient zymes (Lair:6)
  A wind drake (shapeshifter) (Lair:6)
  A hornet (D:9)
  A tyrant leech (Lair:5)
  23 blink frogs
  3 polar bears
  A wind drake (Lair:4)
  Sigmund (D:2)
  A shadow (D:9)
  2 wyverns (D:8)
  47 yaks
  A wraith (D:10)
  3 ynoxinuls (Lair:6)
  A large abomination (Lair:6)
  2 spriggans (Lair:6)
  3 basilisks
  4 vampire mosquitoes (D:9)
  5 fire elementals (Snake:1)
  Grum (D:8)
  Menkaure (D:7)
  A steam dragon (Lair:2)
  2 chaos spawn (Lair:6)
  2 swamp worms (Lair:5)
  8 water moccasins
  31 nagas
  3 hell hounds
  A swamp drake (D:10)
  2 black bears
  3 orc warriors
  2 sky beasts
  2 ice beasts (D:5)
  36 wolves
  2 ogres
  7 centaurs
  A lemure (D:7)
  15 small abominations (Lair:6)
  14 bullfrogs
  3 kobold brigands (D:10)
  A gnoll sergeant (D:8)
  A necrophage (D:7)
  4 scorpions
  3 water moccasin zombies (Ossuary)
  11 wights
  8 killer bees (D:9)
  3 electric eels
  A jelly (D:7)
  7 orc priests
  A gnoll shaman (D:8)
  12 hounds
  5 iguanas
  4 orc wizards
  2 mummies (Ossuary)
  12 gnolls
  4 adders
  4 white imps
  4 adder zombies (Ossuary)
  2 worms
  2 dart slugs
  30 orcs
  9 ball pythons
  10 endoplasms
  3 giant cockroaches
  3 gnoll zombies (Ossuary)
  4 goblins
  6 hobgoblins
  10 jackals
  5 quokkas
  4 bats
  2 frilled lizards
  4 hobgoblin zombies (Ossuary)
  17 kobolds
  4 kobold zombies (Ossuary)
  3 orc zombies (Ossuary)
  2 rats
618 creatures vanquished.

Vanquished Creatures (collateral kills)
  Donald (Snake:1)
  A naga warrior (Snake:1)
2 creatures vanquished.

Vanquished Creatures (others)
  2 salamander mystics
  A naga ritualist (Snake:4)
  A naga (Snake:2)
  59 fungi
  61 plants
124 creatures vanquished.

Grand Total: 744 creatures vanquished

Notes
Turn   | Place    | Note
-------+----------+-------------------------------------------
     0 | D:1      | NateTC the Hill Orc Fighter began the quest for the Orb.
     0 | D:1      | Reached XP level 1. HP: 19/19 MP: 1/1
   137 | D:1      | Reached XP level 2. HP: 19/26 MP: 2/2
   698 | D:1      | Reached XP level 3. HP: 31/31 MP: 3/3
  1134 | D:2      | Reached skill level 5 in Axes
  1253 | D:2      | Noticed Sigmund
  1266 | D:2      | Killed Sigmund
  1267 | D:2      | Reached skill level 4 in Fighting
  1267 | D:2      | Reached XP level 4. HP: 13/41 MP: 4/4
  1267 | D:2      | Reached XP level 5. HP: 15/47 MP: 5/5
  1840 | D:2      | Identified the +1 scale mail of Iwutass {Str+4}
  1870 | D:3      | Reached skill level 5 in Fighting
  1910 | D:3      | Reached XP level 6. HP: 55/56 MP: 6/6
  2202 | D:3      | Found a hazy altar of Hepliaklqana.
  2343 | D:3      | Found Wuzulaad's Jewellery Emporium.
  2470 | D:3      | Found a shimmering blue altar of Sif Muna.
  2937 | D:4      | Found a runed translucent gate.
  2947 | D:4      | Found a sparkling altar of Nemelex Xobeh.
  3077 | D:4      | Reached skill level 6 in Fighting
  3085 | D:4      | Found a runed translucent gate.
  3086 | D:4      | Found a runed translucent gate.
  3087 | D:4      | Noticed benadryl's ghost (amateur TrTm)
  3223 | D:4      | Found a blossoming altar of Fedhas.
  3367 | D:5      | Entered Level 5 of the Dungeon
  3431 | D:5      | Found a staircase to the Ecumenical Temple.
  3439 | Temple   | Entered the Ecumenical Temple
  3740 | Temple   | Became a worshipper of Trog the Wrathful
  3771 | D:5      | Noticed an ice beast
  3773 | D:5      | Reached skill level 7 in Fighting
  3773 | D:5      | Reached XP level 7. HP: 63/66 MP: 7/7
  3848 | D:5      | Reached skill level 8 in Fighting
  3900 | D:5      | Reached skill level 9 in Fighting
  4149 | D:5      | Reached XP level 8. HP: 77/78 MP: 8/8
  4258 | D:5      | Found an ancient bone altar of Kikubaaqudgha.
  5061 | D:6      | Reached skill level 10 in Axes
  5288 | D:6      | Reached * piety under Trog
  5289 | D:6      | Reached XP level 9. HP: 83/83 MP: 9/9
  5700 | D:7      | Noticed Menkaure
  5707 | D:7      | Killed Menkaure
  5942 | D:7      | Noticed Pikel
  5947 | D:7      | Killed Pikel
  6443 | D:7      | Found a broken altar of Ashenzari.
  6444 | D:7      | Found a snail-covered altar of Cheibriados.
  6722 | D:8      | Reached skill level 15 in Axes
  6731 | D:8      | Noticed Grum
  6737 | D:8      | Killed Grum
  6738 | D:8      | Reached XP level 10. HP: 64/91 MP: 10/10
  6767 | D:8      | Found a sand-covered staircase.
  6780 | Ossuary  | Entered an ossuary
  6912 | Ossuary  | Reached ** piety under Trog
  7264 | D:8      | Found Lywkomops's Book Emporium.
  7466 | D:8      | Found Xouhics's Magic Scroll Boutique.
  7540 | D:8      | Reached skill level 10 in Fighting
  7894 | D:9      | Found a staircase to the Lair.
  8168 | D:9      | Paralysed by a hornet for 1 turns
  8171 | D:9      | Reached skill level 11 in Fighting
  8357 | D:9      | Reached *** piety under Trog
  8389 | D:9      | Reached skill level 12 in Fighting
  9150 | D:9      | Found an iron altar of Okawaru.
  9402 | D:10     | Entered Level 10 of the Dungeon
  9479 | D:10     | Noticed a boulder beetle
  9492 | D:10     | Killed a boulder beetle
  9493 | D:10     | Reached skill level 5 in Armour
  9493 | D:10     | Reached XP level 11. HP: 18/105 MP: 11/11
  9867 | D:10     | Found a sacrificial altar of Ru.
 10420 | D:10     | Found a staircase to the Orcish Mines.
 10657 | D:10     | Found Kuot's Self-Improvement Boutique.
 10962 | Lair:1   | Entered Level 1 of the Lair of Beasts
 10962 | Lair:1   | Noticed Gastronok
 10974 | Lair:1   | Killed Gastronok
 10979 | Lair:1   | Reached **** piety under Trog
 11076 | Lair:1   | Reached skill level 10 in Armour
 11245 | Lair:1   | Noticed an oklob plant
 12083 | Lair:1   | Reached XP level 12. HP: 106/113 MP: 12/12
 12228 | Lair:1   | Noticed Erica
 12243 | Lair:1   | Killed Erica
 13075 | Lair:2   | Noticed a death yak
 13076 | Lair:2   | Noticed a death yak
 13078 | Lair:2   | Noticed a death yak
 13092 | Lair:2   | Killed a death yak
 13098 | Lair:2   | Killed a death yak
 13101 | Lair:2   | Killed a death yak
 13418 | Lair:2   | Reached ***** piety under Trog
 14739 | Lair:3   | Reached skill level 13 in Fighting
 14744 | Lair:3   | Reached XP level 13. HP: 94/122 MP: 13/13
 15044 | Lair:3   | Noticed Urug
 15060 | Lair:3   | Killed Urug
 15994 | Lair:4   | Reached skill level 14 in Fighting
 16007 | Lair:4   | Reached skill level 15 in Fighting
 16360 | Lair:4   | Found a staircase to the Shoals.
 16607 | Lair:4   | Found a staircase to the Snake Pit.
 17673 | Lair:5   | Reached skill level 16 in Fighting
 17843 | Lair:5   | Received a gift from Trog
 18488 | Lair:5   | Reached skill level 17 in Fighting
 18869 | Lair:5   | Reached XP level 14. HP: 95/141 MP: 14/14
 18875 | Lair:5   | Reached skill level 18 in Fighting
 19166 | Lair:5   | Identified the +3 swamp dragon scales of Beogh's Reproof
                  | {Rampage rPois}
 19436 | Lair:5   | Found a staircase to the Slime Pits.
 19578 | Lair:6   | Entered Level 6 of the Lair of Beasts
 19980 | Lair:6   | Identified the +3 scale mail of Xom, Loving {+Blink rF+
                  | Slay-6}
 20081 | Lair:6   | Reached skill level 19 in Fighting
 20564 | Lair:6   | Reached skill level 20 in Fighting
 21023 | Lair:6   | Identified the +7 hand axe of the Wasteland {flame, *Slow
                  | rPois rF+ rC++} (Trog gifted it to you on level 6 of the
                  | Lair of Beasts)
 21023 | Lair:6   | Received a gift from Trog
 21024 | Lair:6   | Reached skill level 21 in Fighting
 21057 | Lair:6   | Found a corrupted altar of Lugonu.
 21057 | Lair:6   | Found a one-way gate to the infinite horrors of the Abyss.
 21499 | Lair:6   | Reached skill level 22 in Fighting
 21954 | Lair:6   | Found a broken altar of Ashenzari.
 22207 | Snake:1  | Entered Level 1 of the Snake Pit
 22233 | Snake:1  | Noticed Azrael
 22662 | Snake:1  | Killed Azrael
 22663 | Snake:1  | Reached skill level 23 in Fighting
 22663 | Snake:1  | Reached XP level 15. HP: 136/163 MP: 15/15
 23132 | Snake:1  | Reached skill level 24 in Fighting
 23509 | Snake:1  | Noticed Donald
 23521 | Snake:1  | Killed Donald
 24038 | Snake:1  | Reached skill level 25 in Fighting
 24470 | Snake:1  | Reached skill level 5 in Shields
 25000 | Snake:2  | Found Qacw's Jewellery Shoppe.
 25007 | Snake:2  | Found Pabuytoh's Antique Weapon Shoppe.
 25007 | Snake:2  | Noticed Aizul
 25027 | Snake:2  | Killed Aizul
 25064 | Snake:2  | Found a flickering gateway to a bazaar.
 25075 | Bazaar   | Entered a bazaar
 25075 | Bazaar   | Found Fiujy's Armour Shoppe.
 25075 | Bazaar   | Found Iximits's Assorted Antiques.
 25075 | Bazaar   | Found Docreulo's General Store.
 25292 | Bazaar   | Found Ucy Zaow's Weapon Emporium.
 25297 | Bazaar   | Bought a crooked brass wand for 76 gold pieces
 27114 | Snake:3  | Reached skill level 10 in Shields
 27576 | Snake:3  | Reached XP level 16. HP: 133/178 MP: 16/16
 28591 | Snake:4  | Entered Level 4 of the Snake Pit
 28601 | Snake:4  | Reached skill level 1 in Evocations
 28671 | Snake:4  | Found a bloodstained altar of Trog.
 29647 | Snake:4  | HP: 12/267 [salamander/+0 halberd (6)]
 29647 | Snake:4  | HP: 2/267 [salamander/+0 halberd (6)]
 29647 | Snake:4  | Killed from afar by a salamander mystic

Illustrated notes

Levels and vault maps discovered:
D:1:      lemuel_arrival_river_bridge, layout_loops_corners
D:2:      layout_loops_ring, uniq_sigmund
D:3:      layout_basic, lemuel_round_altar, nicolae_sif_muna_little_library,
          serial_shops, nicolae_diamond_shop, guppyfry_early_lair_pool
D:4:      layout_cave_pools, general_overflow_altar, fedhas_altar_4,
          gammafunk_ghost_nasty_kobolds
D:5:      layout_loops_cross, old_standard_altar, minmay_temple_entry_trees,
          minmay_misc_feat_doors
D:6:      layout_rooms, columned_hall_lemuel
D:7:      layout_loops_ring, nicolae_overflow_squiral, uniq_pikel, uniq_menkaure
D:8:      layout_cave_pools, enter_ossuary_1, serial_gnoll_camp,
          gnoll_camp_mini_doghouse, grums_kennel, gnoll_camp_mini_shop,
          gnoll_camp_mini_hut, gnoll_camp_mini_shop, gnoll_camp_mini_house,
          hex_medium
D:9:      layout_basic, okawaru_altar_gauntlet_db, dpeg_oklobed_lair
D:10:     layout_roguey, mainiacjoe_overflow_brackets, erik_orc_1,
          nicolae_shop_self_help
D:11:     layout_irregular_city, st_stairs_3, nzn_sisyphean_effort
Temple:   oiseaux_autumnal_temple
Lair:1:   layout_regular_city, minivault_19, minmay_lair_oklob_bushes,
          grunt_megastairs_5, uniq_erica, uniq_gastronok
Lair:2:   layout_small_grid, st_stairs_8, grunt_megastairs_3
Lair:3:   layout_small_grid, uniq_urug
Lair:4:   layout_cave_pods, minmay_shoals_entry_beasts,
          guppyfry_snake_entry_garden, grunt_megastairs_2
Lair:5:   layout_roguey, minmay_slime_entry_oklob_enclosed, worms_lemuel,
          lemuel_fruit_tree
Lair:6:   hellmonk_lair_end_abyssal_woods, layout_layer_cave,
          chequers_serial_rivers_micro_c, lemuel_centaur_altar,
          serial_bayou_shore_b
Snake:1:  layout_misc_corridors, special_room, serial_bayou_shore_a,
          uniq_donald, uniq_azrael
Snake:2:  layout_misc_corridors, serial_shops, bzr_in_the_mist,
          grunt_megastairs_4, minmay_shop_star, uniq_aizul
Snake:3:  layout_basic
Snake:4:  snake_pit, layout_cave_town, basic_altar, serial_bayou_shore_b

Skill      XL: |  1  2  3  4  5  6  7  8  9 10 11 12 13 14 15 16 |
---------------+-------------------------------------------------+-----
Axes           | 3 4 7 11 15 16 20 | 20.0
Fighting       | 4 5 7 9 12 13 17 23 25 | 25.0
Armour         | 5 11 | 11.4
Shields        | 10 12 | 12.0
Evocations     | 4 |  4.9

Action                   |  1- 3 |  4- 6 |  7- 9 | 10-12 | 13-15 | 16-18 || total
-------------------------+-------+-------+-------+-------+-------+-------++-------
Melee: War axe           |    93 |    41 |       |       |       |       ||   134
       Broad axe         |       |    72 |    84 |       |       |       ||   156
       Battleaxe         |       |       |    84 |   520 |   536 |       ||  1140
       Hand axe          |       |       |       |       |   288 |   172 ||   460
Invok: Berserk           |       |       |       |     7 |     7 |     1 ||    15
       Trog's Hand       |       |       |       |     2 |     6 |     2 ||    10
       Brothers in Arms  |       |       |       |       |     2 |     1 ||     3
  Use: Scroll            |     1 |     5 |     4 |     7 |     9 |     3 ||    29
       Potion            |     1 |       |       |       |       |       ||     1
Armor: Scale mail        |    40 |    57 |   105 |    88 |       |       ||   290
       Plate armour      |       |       |       |   315 |   123 |       ||   438
       Swamp dragon scal |       |       |       |       |   313 |    74 ||   387
Dodge: Dodged            |    40 |    52 |    77 |   229 |   352 |    55 ||   805
Block: Buckler           |    19 |    29 |    16 |       |     6 |       ||    70
       Kite shield       |       |       |       |       |   113 |   105 ||   218
       Reflection        |       |       |       |       |    17 |    14 ||    31

Table legend: (Time is in decaauts)
 A = Elapsed time spent in this place.
 B = Non-inter-level travel time spent in this place.
 C = Inter-level travel time spent in this place.
 D = Time resting spent in this place.
 E = Time spent auto-exploring this place.
 F = Levels seen in this place.
 G = Mean time per level.
                   A        B        C        D        E       F      G
               +--------+--------+--------+--------+--------+-----+--------+
         Total |  29593 |  28754 |    839 |  13727 |   5258 |  24 | 1233.0 |
       Dungeon |  10816 |  10539 |    277 |   3845 |   2262 |  11 |  983.3 |
        Temple |    334 |    296 |     38 |      0 |    269 |   1 |  334.0 |
          Lair |  11221 |  10770 |    451 |   4996 |   2331 |   6 | 1870.2 |
     Snake Pit |   6777 |   6705 |     72 |   4596 |    388 |   4 | 1694.2 |
        Bazaar |    231 |    231 |      0 |    215 |      8 |   1 |  231.0 |
       Ossuary |    212 |    212 |      0 |     73 |      0 |   1 |  212.0 |
               +--------+--------+--------+--------+--------+-----+--------+

Top non-repeatable levels by time:
 Snake:1: 2732 daAuts
  Lair:6: 2518 daAuts
  Lair:4: 2110 daAuts
  Lair:5: 1967 daAuts
     D:9: 1855 daAuts
  Lair:1: 1703 daAuts
  Lair:2: 1694 daAuts
 Snake:3: 1574 daAuts
    D:10: 1553 daAuts
 Snake:2: 1442 daAuts
  Lair:3: 1227 daAuts
 Snake:4: 1029 daAuts
     D:6: 1011 daAuts
     D:5: 1007 daAuts
     D:7: 991 daAuts
